 Dungeon Crawl Stone Soup version 0.31-a0-675-g238779eb0a (webtiles) character file.

Game seed: 372121418239159961

157 qw the Shooter (level 5, -2/32 HPs)
             Began as a Gargoyle Hunter on Sept 5, 2023.
             Killed from afar by an orc wizard (6 damage)
             ... with a magic dart
             ... on level 3 of the Dungeon.
             The game lasted 00:00:53 (1747 turns).

qw the Shooter (Gargoyle Hunter)                    Turns: 1747, Time: 00:00:53

Health: -2/32      AC: 10    Str: 14    XL:     5   Next: 38%
Magic:  0/5        EV: 10    Int: 10    God:
Gold:   140        SH:  0    Dex: 15    Spells: 4/4 levels left

rFire   . . .        Y - +0 shortbow
rCold   . . .        (shield currently unavailable)
rNeg    + . .        k - +0 ring mail
rPois   inf          g - +0 helmet
rElec   +            (no cloak)
rCorr   .            (no gloves)
SInv    .            (no boots)
Will    .....        n - amulet of guardian spirit Stlth
                     (no ring)
HPRegen 0.25/turn    (no ring)
MPRegen 0.09/turn

%: guardian spirit
@: confused
A: sickness immunity, AC +4, negative energy resistance 1, electricity
resistance, torment resistance 1, petrification resistance
a: no special abilities


You were on level 3 of the Dungeon.
You visited 1 branch of the dungeon, and saw 3 of its levels.

You collected 140 gold pieces.


Innate Abilities, Weirdness & Mutations

You are immune to sickness and miasma.
Your stone body is resilient. (AC +4)
You are immune to poison.
You resist negative energy. (rN+)
You are resistant to electric shocks. (rElec)
You are resistant to unholy torment.
You are immune to petrification.


   Skills:
 + Level 3.1 Fighting
 - Level 6.0 Ranged Weapons
 - Level 1.0 Armour
 - Level 1.5 Dodging
 - Level 1.1 Stealth


You had 4 spell levels left.
You didn't know any spells.
Your spell library was empty.

Inventory:

Hand Weapons
 Y - a +0 shortbow (weapon)
Armour
 g - a +0 helmet (worn)
 k - a +0 ring mail (worn)
Jewellery
 n - an amulet of guardian spirit (around neck)
Wands
 c - a wand of digging (8)
Scrolls
 b - 2 scrolls of teleportation
 e - a scroll of immolation {unknown}
 h - a scroll of revelation {unknown}
Potions
 a - a potion of heal wounds {unknown}
 d - a potion of invisibility {unknown}
 f - a potion of curing {unknown}
 i - a potion of ambrosia {unknown}

Dungeon Overview and Level Annotations

Branches:
Dungeon (3/15)

Altars:

Shops:
D:1 (?


Message History

You shoot an arrow. Something hits you but does no damage.
You shoot an arrow.
You hear some strange, mumbled words.
You are more confused.
You shoot an arrow. Something hits you but does no damage.
You hear some strange, mumbled words.
A puff of flame appears from out of thin air!
The puff of flame misses you.
You shoot an arrow. Something hits you but does no damage.
You shoot an arrow. Something hits you.
You hear some strange, mumbled words.
A magic dart appears from out of thin air!
The magic dart hits you.
You shoot an arrow.
You hear some strange, mumbled words.
A magic dart appears from out of thin air!
The magic dart hits you but does no damage.
You shoot an arrow. Something hits you. Something hits you but does no damage.
You shoot an arrow.
You hear some strange, mumbled words.
You are more confused.
You shoot an arrow. Something hits you. Something hits you but does no damage.
You shoot an arrow. Something hits you but does no damage.
You hear some strange, mumbled words.
You are more confused.
You shoot an arrow. Something hits you but does no damage.
You shoot an arrow.
An orc wizard appears from thin air!
Reactivating autopickup.
The orc wizard gestures at you while chanting.
The magic dart hits you!
You die...

##### ##### #...#
#...## #...# ##.#..##
#...#####
#.@##..####...##...
#o####..#.....##...
...............##...
...##.####........##...
.... [.
#...####........ ...#
.....### ##.......
...#...### ###.##..
#..# ... #.##.# ..#
###.....


You could see an orc wizard.

Vanquished Creatures
  An orc priest (D:3)
  6 adders
  A gnoll (D:1)
  4 dart slugs
  3 orcs (D:3)
  2 bats (D:1)
  7 endoplasms
  A giant cockroach (D:2)
  7 goblins
  A hobgoblin (D:3)
  2 quokkas
  8 ball pythons
  2 frilled lizards (D:1)
  5 kobolds
  7 rats
57 creatures vanquished.

Notes
Turn   | Place    | Note
-------+----------+-------------------------------------------
     0 | D:1      | qw the Gargoyle Hunter began the quest for the Orb.
     0 | D:1      | Reached XP level 1. HP: 12/12 MP: 1/1
     0 | D:1      | 0 ||| qw: Version: 0.3-a-75-g829b12e
     0 | D:1      | 0 ||| qw: Game counter: 75
     0 | D:1      | 0 ||| qw: Melee chars always use a shield: true
     0 | D:1      | 0 ||| qw: God list: Okawaru
     0 | D:1      | 0 ||| qw: Allow faded altars: false
     0 | D:1      | 0 ||| qw: Do Orc after clearing Dungeon:15 true
     0 | D:1      | 0 ||| qw: Do second Lair branch before Depths: true
     0 | D:1      | 0 ||| qw: Lair rune preference: random
     0 | D:1      | 0 ||| qw: Goals: Normal
     0 | D:1      | 0 ||| PLANNING D:1-11
    60 | D:1      | Reached XP level 2. HP: 10/17 MP: 2/2
   206 | D:1      | Found Sekk's Antique Weapon Emporium.
   212 | D:1      | Reached XP level 3. HP: 21/21 MP: 3/3
   246 | D:1      | Reached skill level 5 in Ranged Weapons
   612 | D:1      | Found The Oracle's Delphic Readings.
   616 | D:1      | 616 ||| SHOPLISTING scroll of brand weapon (114 gold, have
                  | 40).
   649 | D:1      | 649 ||| UPGRADING to +0 helmet.
   654 | D:1      | 654 ||| UPGRADING to +0 ring mail.
   664 | D:1      | 664 ||| DROPPING +0 leather armour.
   665 | D:1      | 665 ||| DROPPING +1 robe of positive energy.
   666 | D:1      | 666 ||| UPGRADING to amulet of guardian spirit.
   671 | D:1      | 671 ||| READING scroll labelled UDOPPI TEBLI.
   672 | D:1      | 672 ||| READING scroll labelled AGUURGHORISCH.
   677 | D:1      | 677 ||| READING scroll labelled BUFIEM ICVO.
   678 | D:1      | 678 ||| READING 2 scrolls labelled SOG KEKHLAZAO.
   679 | D:1      | 679 ||| READING scroll labelled LECEAL VEM CYU.
   680 | D:1      | 680 ||| DRINKING 2 fizzy amethyst potions.
   681 | D:1      | 681 ||| DROPPING scroll of butterflies.
   682 | D:1      | 682 ||| DROPPING potion of attraction.
   683 | D:1      | 683 ||| DROPPING scroll of amnesia.
   747 | D:2      | Reached skill level 1 in Armour
   786 | D:2      | Reached XP level 4. HP: 27/27 MP: 4/4
   842 | D:2      | Reached skill level 3 in Fighting
  1275 | D:2      | 1275 ||| READING scroll labelled WILUHYCWAI.
  1276 | D:2      | 1276 ||| READING scroll labelled ETWIOCR SATE.
  1331 | D:3      | Reached XP level 5. HP: 30/32 MP: 5/5
  1390 | D:3      | Reached skill level 6 in Ranged Weapons
  1472 | D:3      | HP: 8/32 [something (4)]
  1473 | D:3      | 1473 ||| READING 3 scrolls of teleportation.
  1474 | D:3      | HP: 3/32 [something (2)]
  1680 | D:3      | Identified the +7 short sword of Fovill {vamp, rPois rF+
                  | rC- Str+3}
  1740 | D:3      | HP: 6/32 [something/magic dart (4)]
  1747 | D:3      | Killed from afar by an orc wizard

Levels and vault maps discovered:
D:1:      noname_arrival_rooms_in_the_neighbourhood, layout_basic, serial_shops,
          nicolae_shop_advertising_works [nicolae_subvault_shop_adworks],
          nicolae_nh_oracle_at_delphi
D:2:      layout_loops_ring
D:3:      layout_rooms

Skill      XL: |  1  2  3  4  5 |
---------------+----------------+-----
Ranged Weapons | 5 6 |  6.0
Armour         | 1 |  1.0
Fighting       | 3 |  3.1
Dodging        | |  1.5
Stealth        | |  1.1

Action                     |  1- 3 |  4- 6 || total
---------------------------+-------+-------++-------
   Fire: Shortbow          |    83 |   125 ||   208
    Use: Scroll            |     5 |     3 ||     8
         Potion            |     1 |       ||     1
 Armour: Leather armour    |    11 |       ||    11
         Ring mail         |     6 |    89 ||    95
  Dodge: Dodged            |    11 |    44 ||    55

Table legend:
 A = Non-vault XP
 B = Vault XP
 C = Vault XP percentage of total XP
 D = Non-vault monster count
 E = Vault monster count
 F = Vault count percentage of total count
                 A         B        C        D         E       F
            +---------+---------+-------+---------+---------+-------
      Total |     222 |       3 |   1.3 |      55 |       2 |   3.5
            +---------+---------+-------+---------+---------+-------
        D:1 |      60 |       3 |   4.8 |      28 |       2 |   6.7
        D:2 |      76 |       0 |   0.0 |      14 |       0 |   0.0
        D:3 |      86 |       0 |   0.0 |      13 |       0 |   0.0
            +---------+---------+-------+---------+---------+-------
